 Dungeon Crawl Stone Soup version 0.30.0-29-ga12c61a403 (webtiles) character file.

Game seed: 14493356279356111376

7572 meatsac the Nimble (level 11, -3/82 HPs)
             Began as a Djinni Reaver on June 22, 2023.
             Was a High Priest of Okawaru.
             Slain by a yak (8 damage)
             ... on level 9 of the Dungeon.
             The game lasted 01:27:20 (10951 turns).

meatsac the Nimble (Djinni Reaver)                 Turns: 10951, Time: 01:27:21

Health: -3/82      AC:  4    Str: 17    XL:     11   Next: 39%
Gold:   441        EV: 16    Int: 18    God:    Okawaru [*****.] SH:  0 Dex: 13

rFire   + +          .
                       - Unarmed
rCold   . . .        I - orb {*Rage}
rNeg    . . .        e - +1 robe {Will+}
rPois   ∞            (no helmet)
rElec   .            (no cloak)
rCorr   .            m - +0 pair of gloves
SInv    .            (boots unavailable)
Will    ++...        o - amulet of faith
Stlth   +            a - +6 ring of strength
HPRegen 0.33/turn    w - ring of protection from cold
MPRegen 0.00/turn

%: random rage (20%), faith, infuse magic (-4 HP)
@: on berserk cooldown, flying, very slightly contaminated, slowed, very slow
A: sickness immunity, fire resistance 2, cold vulnerability 1, float, innate
caster, HP casting, extra vitality 1
a: Renounce Religion, Heroism, Finesse, Duel


You were on level 9 of the Dungeon.
You worshipped Okawaru.
Okawaru was extremely pleased with you.
You visited 2 branches of the dungeon, and saw 10 of its levels.
You also visited: Ossuary.

You collected 441 gold pieces.

Inventory:

Hand Weapons
 A - a +2 short sword of holy wrath
 C - a +2 dire flail of draining
 K - a +4 scimitar of flaming
 L - a +0 morningstar of venom
 R - a +4 flail
 W - a +1 antimagic hand axe
 Z - a +3 trident
Missiles
 k - 71 stones (quivered)
 q - 3 javelins
 B - 3 boomerangs
 E - a throwing net
 G - 2 atropa-tipped darts
 O - 15 poisoned darts
Armour
 e - a +1 robe of willpower (worn)
 m - a +0 pair of gloves (worn)
 y - a +1 leather armour of fire resistance
 I - an orb of wrath (worn)
 M - a +0 kite shield
 N - a +0 ring mail of willpower
 P - a +1 plate armour of fire resistance
Jewellery
 a - a +6 ring of strength (left hand)
 l - an amulet of reflection
 o - an amulet of faith (around neck)
 w - a ring of protection from cold (right hand)
 z - a ring of see invisible
 U - a ring of resist corrosion
 V - an amulet of the acrobat
Wands
 r - a wand of light (7)
 v - a wand of digging (5)
 Q - a wand of flame (6)
 X - a wand of iceblast (11)
 Y - a wand of polymorph (11)
Scrolls
 c - 2 scrolls of vulnerability
 d - a scroll of poison
 f - a scroll of enchant armour {unknown}
 g - a scroll of magic mapping
 p - a scroll of fear {unknown}
 s - a scroll of butterflies {unknown}
 t - 5 scrolls of teleportation
 D - a scroll of fog {unknown}
 F - a scroll of torment {unknown}
 J - a scroll of enchant weapon {unknown}
 S - a scroll of immolation {unknown}
Potions
 b - 3 potions of lignification
 h - 3 potions of attraction
 i - 3 potions of cancellation
 j - 6 potions of heal wounds
 n - a potion of invisibility {unknown}
 u - 4 potions of curing
 x - a potion of ambrosia
 H - 3 potions of brilliance
 T - a potion of might {unknown}


   Skills:
 * Level 8.7 Fighting
 * Level 9.3 Dodging
 * Level 6.4 Unarmed Combat
 * Level 7.0 Spellcasting
 * Level 6.6 Invocations


You knew the following spells:

 Your Spells              Type           Power      Damage    Failure   Level
a - Static Discharge      Conj/Air       62%        2-5/arc   1%          2
b - Inner Flame           Hex/Fire       31%        N/A       1%          3
c - Hailstorm             Conj/Ice       31%        3d8       1%          3
g - Momentum Strike       Conj/Tloc      62%        3d9       1%          2
q - Kiss of Death         Conj/Necr      100%       2d13      1%          1
s - Sting                 Tmut/Pois      100%       1d8       1%          1
x - Iskenderun's Mystic   Conj/Tloc      31%        2d8       6%          4
z - Wereblood             Tmut           31%        N/A       1%          2
Your spell library was empty.

Dungeon Overview and Level Annotations

Branches:
Dungeon (9/15)             Temple (1/1) D:5         Ossuary (visited)
   Lair: D:8-11         Orc: D:9-12

Altars:
Ashenzari
Cheibriados
Dithmenos
Elyvilon
Fedhas
Gozag
Hepliaklqana
Makhleb
Nemelex Xobeh
Okawaru
Qazlal
Uskayaw
Wu Jian
Xom
Yredelemnul
Zin
The Shining One

Shops:
D:1 =   D:5 [

Annotations:
D:4 3 runed translucent doors, exclusion: 3 doors, monsoonserge's ghost, amateur MfGl
D:6 3 runed translucent doors, exclusion: 3 doors, jurchenman's ghost, novice DECj
D:9 exclusion: oklob plant


Innate Abilities, Weirdness & Mutations

You are immune to sickness and miasma.
You are immune to poison.
Your flesh is very heat resistant. (rF++)
You are vulnerable to cold. (rC-)
You float through the air rather than walking.
You learn spells naturally, not from books.
Your magical power is your life essence.
You have superior vitality. (+4 MHP)


Message History

Unknown command.
Unknown command.
You feel much better.
A yak comes into view.
Found a robe.
Items here: ! ) [ †.
Unknown command.
Unknown command.
Unknown command.
Unknown command.
Unknown command.
Things that are here:
a +0 trident; a +0 robe
Casting: Iskenderun's Mystic Blast (dangerous; 6% risk of failure)
Confirm with . or Enter, or press ? or * to list all spells.
You erupt in a blast of force!
The mystic blast hits the yak.
The yak is lightly wounded.
The yak is knocked back by the mystic blast.
The yak slams into the rock wall!
The yak is moderately wounded.
A yak comes into view.
The yak moves out of view.
Casting: Iskenderun's Mystic Blast (dangerous; 6% risk of failure)
Confirm with . or Enter, or press ? or * to list all spells.
You miscast Iskenderun's Mystic Blast.
You are very lightly contaminated with residual magic.
Nothing appears to happen.
The yak gores you! The yak completely misses you. The yak gores you.
* * * LOW HITPOINT WARNING * * *
Casting: Iskenderun's Mystic Blast (dangerous; 6% risk of failure)
Confirm with . or Enter, or press ? or * to list all spells.
You miscast Iskenderun's Mystic Blast.
The air around you crackles with energy.
You are magically locked in place.
* * * LOW HITPOINT WARNING * * *
You are no longer locked in place.
The yak gores you!
* * * LOW HITPOINT WARNING * * *
The yak misses you. The yak gores you!
You die...

#. .# #[ .#
#. .# #. .# #
#. .# # ##.#.
.#.####
#....#.#.....
#.##@)......
#..YYY......
#...))......
###.†########
#...)........
##.#)########
#............
####.###.....
#.# ###


You could see 3 yaks.

Vanquished Creatures
  Erolcha (D:9)
  A two-headed ogre (D:8)
  A deep elf pyromancer (D:8)
  An efreet (D:8)
  Prince Ribbit (D:5)
  Sigmund (D:3)
  A shadow (D:9)
  A vampire (D:8)
  A wyvern (D:8)
  8 yaks (D:8)
  Grum (D:9)
  Edmund (D:5)
  2 water moccasins
  2 sky beasts (D:6)
  3 ice beasts
  2 orc warriors
  A black bear (D:7)
  2 wolves (D:9)
  2 ogres
  2 centaurs
  Blork the orc (D:5)
  5 bullfrogs
  A kobold brigand (D:9)
  A scorpion (D:6)
  4 water moccasin zombies (Ossuary)
  13 wights
  3 killer bees (D:9)
  An orc priest (D:8)
  3 hounds
  A jelly (D:8)
  A sleepcap (D:6)
  5 iguanas
  3 orc wizards
  2 mummies (Ossuary)
  12 adders
  2 shadow imps (D:6)
  2 white imps
  4 adder zombies (Ossuary)
  A worm (D:3)
  A dart slug (D:2)
  15 orcs
  7 ball pythons
  12 endoplasms
  2 giant cockroaches
  2 gnoll zombies (Ossuary)
  7 goblins
  12 hobgoblins
  5 jackals
  13 kobolds
  2 quokkas
  2 bats
  A frilled lizard (D:2)
  8 hobgoblin zombies (Ossuary)
  5 kobold zombies (Ossuary)
  4 orc zombies (Ossuary)
  4 rats
202 creatures vanquished.

Vanquished Creatures (others)
  A kobold (D:9)
1 creature vanquished.

Grand Total: 203 creatures vanquished

Notes
Turn   | Place    | Note
-------+----------+-------------------------------------------
     0 | D:1      | meatsac the Djinni Reaver began the quest for the Orb.
     0 | D:1      | meatsac set off with the following spells memorised: Kiss
                  | of Death, Momentum Strike, Hailstorm.
     0 | D:1      | Reached XP level 1. HP: 18/18 MP: 0/0
    86 | D:1      | Reached XP level 2. HP: 16/19 MP: 0/0
   859 | D:1      | Found Tigeirej's One-of-a-Kind Rings.
  1057 | D:2      | Reached XP level 3. HP: 29/29 MP: 0/0
  1057 | D:2      | Learned a level 1 spell: Sting
  1449 | D:2      | Reached XP level 4. HP: 30/34 MP: 0/0
  1765 | D:2      | Found a shadowy altar of Dithmenos.
  2353 | D:3      | Noticed Sigmund
  2618 | D:3      | Found a glowing golden altar of the Shining One.
  2861 | D:3      | Reached skill level 3 in Dodging
  2864 | D:3      | Reached XP level 5. HP: 34/40 MP: 0/0
  2864 | D:3      | Learned a level 2 spell: Wereblood
  3000 | D:3      | Killed Sigmund
  3001 | D:3      | Reached XP level 6. HP: 23/47 MP: 0/0
  3145 | D:4      | Reached skill level 4 in Dodging
  3480 | D:4      | Noticed an ogre
  3485 | D:4      | Killed an ogre
  3486 | D:4      | Reached XP level 7. HP: 24/46 MP: 0/0
  3486 | D:4      | Learned a level 2 spell: Static Discharge
  3999 | D:4      | Found a runed translucent gate.
  3999 | D:4      | Identified the +2 ring mail "Juizxil" {Drain rN+++ Slay+3
                  | Stlth+}
  3999 | D:4      | Noticed monsoonserge's ghost (amateur MfGl)
  4000 | D:4      | Found a runed translucent gate.
  4001 | D:4      | Found a runed translucent gate.
  4348 | D:5      | Entered Level 5 of the Dungeon
  4457 | D:5      | Noticed Blork the orc
  4466 | D:5      | Killed Blork the orc
  4752 | D:5      | Reached skill level 5 in Dodging
  4794 | D:5      | Reached skill level 5 in Fighting
  4867 | D:5      | Found a white marble altar of Elyvilon.
  4890 | D:5      | Reached XP level 8. HP: 55/59 MP: 0/0
  4933 | D:5      | Found a staircase to the Ecumenical Temple.
  4939 | Temple   | Entered the Ecumenical Temple
  5053 | Temple   | Became a worshipper of Warmaster Okawaru
  5214 | D:5      | Noticed Prince Ribbit
  5225 | D:5      | Killed Prince Ribbit
  5225 | D:5      | Reached * piety under Okawaru
  5226 | D:5      | Reached skill level 1 in Invocations
  5329 | D:5      | Found Qaeklaib's Armour Shoppe.
  5356 | D:5      | Found a snail-covered altar of Cheibriados.
  5527 | D:5      | Noticed Edmund
  5541 | D:5      | Killed Edmund
  5542 | D:5      | Reached skill level 6 in Dodging
  5683 | D:5      | Found a blossoming altar of Fedhas.
  5865 | D:6      | Noticed a kobold demonologist
  5865 | D:6      | Found a runed translucent gate.
  5865 | D:6      | Found a runed translucent gate.
  5865 | D:6      | Found a runed translucent gate.
  5865 | D:6      | Found a hazy altar of Hepliaklqana.
  6107 | D:6      | Reached skill level 5 in Spellcasting
  6156 | D:6      | Reached XP level 9. HP: 66/66 MP: 0/0
  6156 | D:6      | Learned a level 3 spell: Inner Flame
  6231 | D:6      | Reached ** piety under Okawaru
  6965 | D:6      | Noticed jurchenman's ghost (novice DECj)
  7083 | D:7      | Reached skill level 7 in Dodging
  7741 | D:8      | Found a stormy altar of Qazlal.
  7768 | D:8      | Found an ornate altar of the Wu Jian Council.
  7782 | D:8      | Found a sand-covered staircase.
  7788 | Ossuary  | Entered an ossuary
  7855 | Ossuary  | Reached *** piety under Okawaru
  8298 | D:8      | Reached XP level 10. HP: 75/75 MP: 0/0
  8333 | D:8      | Reached skill level 8 in Dodging
  8335 | D:8      | Reached **** piety under Okawaru
  8336 | D:8      | Reached skill level 5 in Invocations
  8545 | D:8      | Found a shadowy altar of Dithmenos.
  8547 | D:8      | Found a hide-covered altar of Uskayaw.
  8747 | D:8      | Noticed a deep elf pyromancer
  8750 | D:8      | Noticed an efreet
  8752 | D:8      | Noticed a two-headed ogre
  8760 | D:8      | Reached skill level 5 in Unarmed Combat
  8883 | D:8      | Killed a two-headed ogre
  8892 | D:8      | Killed an efreet
  9359 | D:8      | Killed a deep elf pyromancer
  9360 | D:8      | Reached XP level 11. HP: 76/81 MP: 0/0
  9360 | D:8      | Learned a level 4 spell: Iskenderun's Mystic Blast
  9430 | D:8      | Found a broken altar of Ashenzari.
 10603 | D:9      | Reached ***** piety under Okawaru
 10604 | D:9      | Reached skill level 9 in Dodging
 10841 | D:9      | Noticed an oklob plant
 10890 | D:9      | Noticed Erolcha
 10910 | D:9      | Noticed Grum
 10915 | D:9      | Killed Grum
 10934 | D:9      | Killed Erolcha
 10951 | D:9      | Slain by a yak

Illustrated notes

Levels and vault maps discovered:
D:1:      minmay_arrival_cross, layout_basic, grunt_decor_cap,
          nicolae_shop_unique_rings
D:2:      layout_loops_corners, basic_altar
D:3:      layout_basic, overflow_temple_1_default,
          nicolae_tso_swordbearing_angel, uniq_sigmund
D:4:      layout_loops_ring, biasface_ghost_orc_armoury
D:5:      layout_rooms, kennysheep_mini, elyvilon_altar_3, fedhas_altar_1,
          minmay_temple_entry_hall, serial_shops, nicolae_lakefront_shop,
          serial_bayou, serial_bayou_pond_d, serial_bayou_shore_b,
          serial_bayou_crossing, serial_bayou_lake_a, serial_bayou_pond_d,
          nicolae_half_adder, uniq_prince_ribbit1, uniq_blork_the_orc,
          uniq_edmund
D:6:      layout_basic, nicolae_hepliaklqana_hazy_memory,
          gammafunk_ghost_nasty_kobolds, minmay_misc_feat_pillars, minivault_25
D:7:      nicolae_cairo_tiling_large, layout_rooms, lemuel_tele_altar
D:8:      layout_loops_ring, mainiacjoe_overflow_brackets,
          mainiacjoe_overflow_boulevard, lemuel_round_altar,
          mainiacjoe_overflow_catwalk_spiral, nicolae_ossuary_entry_plus,
          minmay_radiant
D:9:      lemuel_slime, layout_basic, nicolae_overflow_crystal_walls,
          uniq_erolcha, uniq_grum
Temple:   nicolae_temple_colour_theory

Skill      XL: |  1  2  3  4  5  6  7  8  9 10 11 |
---------------+----------------------------------+-----
Spellcasting   | 3 4 5 6 7 |  7.0
Fighting       | 3 4 5 6 7 8 |  8.7
Dodging        | 3 4 5 6 7 8 9 |  9.3
Invocations    | 2 4 6 |  6.6
Unarmed Combat | 4 5 6 |  6.4

Action                     |  1- 3 |  4- 6 |  7- 9 | 10-12 || total
---------------------------+-------+-------+-------+-------++-------
  Melee: Unarmed           |    65 |    26 |   158 |   128 ||   377
         Punch             |     1 |       |     1 |       ||     2
  Throw: Javelin           |       |     4 |     3 |     3 ||    10
         Dart              |       |       |       |     2 ||     2
         Stone             |       |       |       |     1 ||     1
   Cast: Kiss of Death     |     1 |     2 |       |       ||     3
         Momentum Strike   |    14 |    22 |    43 |     8 ||    87
         Sting             |    13 |    36 |    53 |    14 ||   116
         Hailstorm         |       |     7 |     7 |     6 ||    20
         Wereblood         |       |     2 |    10 |     8 ||    20
         Static Discharge  |       |       |     3 |       ||     3
         Iskenderun's Myst |       |       |       |    35 ||    35
 Invoke: Heroism           |       |       |     2 |     3 ||     5
  Evoke: Wand              |       |       |       |     5 ||     5
    Use: Scroll            |       |       |    15 |       ||    15
         Potion            |       |       |     1 |     9 ||    10
   Stab: Sleeping          |       |     1 |       |       ||     1
 Armour: Leather armour    |    14 |       |    36 |     8 ||    58
         Robe              |     1 |    10 |     6 |     1 ||    18
         Skin              |       |       |       |    53 ||    53
  Dodge: Dodged            |    27 |    30 |   106 |    63 ||   226
  Block: Other             |       |    10 |     2 |       ||    12
